[Event "Titled Tuesday Blitz February 07 Late 2023"]
[White "Vovk, Orest"]
[Black "Djabri,Massinas"]
[WhiteFideId "14113490"]
[BlackFideId "7905726"]
[WhiteElo "2315"]
[BlackElo "2231"]
[Result "1-0"]
[Round "02"]
[TimeControl "180+2"]
[Date "2023.02.07"]
[WhiteClock "0:00:14"]
[BlackClock "0:00:02"]

1. h4 e5 2. h5 d5 3. h6 Nxh6 4. d4 Nc6 5. Bxh6 gxh6 6. dxe5 Nxe5 7. Nf3 Nxf3+ 8. gxf3 Bg7 9. c3 d4 10. Bh3 Bxh3 11. Rxh3 Qd7 12. Rg3 Bf6 13. cxd4 O-O-O 14. e3 Rhe8 15. Kf1 h5 16. Nc3 h4 17. Rg4 h5 18. Re4 h3 19. Rxe8 Rxe8 20. Ne4 Be7 21. Qb3 h2 22. Ke2 f5 23. Nc3 f4 24. Qd5 fxe3 25. Qxd7+ Kxd7 26. fxe3 Rg8 27. Rh1 Rg2+ 28. Kd3 Bh4 29. Ne2 Bf2 30. Nf4 Rg1 31. Rxh2 Bg3 32. Rxh5 Bxf4 33. exf4 Rb1 34. Rh2 Ke6 35. Re2+ Kf5 36. Kc2 Ra1 37. a3 Kxf4 38. Re7 Kxf3 39. Rxc7 b5 40. Rxa7 b4 41. a4 Ke4 42. Kb3 Kxd4 43. Kxb4 Kd5 44. Kb5 Kd6 45. b4 Rh1 46. a5 Rh5+ 47. Ka4 Kc6 48. Ra6+ Kc7 49. Rg6 Kb7 50. Rg7+ Kc6 51. b5+ Kc5 52. Rc7+ Kd6 53. Rc6+ Kd5 54. a6 Rh1 55. Ka5 Ra1+ 56. Kb6 1-0


[Site "https://www.chess.com"]

[Event "Titled Tuesday Blitz February 07 Late 2023"]
[White "Herbst, Richard"]
[Black "Mortazavi, Ali"]
[WhiteFideId "2041251"]
[BlackFideId "401323"]
[WhiteElo "2120"]
[BlackElo "2333"]
[Result "1-0"]
[Round "02"]
[TimeControl "180+2"]
[Date "2023.02.07"]
[WhiteClock "0:00:11"]
[BlackClock "0:00:09"]

1. e4 c6 2. d4 d5 3. e5 Bf5 4. Nd2 e6 5. Nb3 Ne7 6. Nf3 Ng6 7. Be2 Nd7 8. O-O f6 9. exf6 Qxf6 10. Bg5 Qf7 11. Bd3 Bd6 12. Re1 O-O 13. c3 h6 14. Bd2 Bg4 15. Be2 Rae8 16. h3 Bxf3 17. Bxf3 e5 18. Be3 e4 19. Bh5 Nf6 20. Nd2 Bb8 21. Nf1 Nxh5 22. Qxh5 Qe6 23. a4 Rf5 24. Qg4 h5 25. Qe2 Ref8 26. b3 Nh4 27. Ng3 Qg6 28. Kh2 Nf3+ 29. gxf3 h4 30. f4 Bxf4 31. Bxf4 Rxf4 32. Nh1 Rf3 33. Rg1 Qd6+ 34. Kg2 Qe6 35. Kf1 e3 36. Rg2 Rxh3 37. Kg1 exf2+ 38. Rxf2 Qh6 39. Re1 Rxf2 40. Qxf2 Qg6+ 41. Qg2 Qxg2+ 42. Kxg2 Rxc3 43. Rb1 Rd3 44. Nf2 Rxd4 45. Kf3 Kf7 46. Ke3 Rb4 47. Nd3 Rg4 48. Ne5+ Ke6 49. Nxg4 Kf5 50. Nf2 g5 51. Rg1 c5 52. Kf3 a6 53. Nh3 Ke5 54. Rxg5+ Kd4 55. Ke2 b5 56. axb5 axb5 57. Kd2 c4 58. bxc4 bxc4 59. Rg4+ Kc5 60. Rxh4 d4 61. Kc2 Kd5 62. Nf2 Ke5 63. Nd3+ Kd5 64. Kd2 c3+ 65. Kc2 Kc4 66. Nc1 Kb4 67. Nd3+ Kc4 68. Rg4 Kd5 69. Ne1 Kc4 70. Nf3 Kb5 71. Rxd4 Ka5 72. Kxc3 Kb5 73. Rc4 1-0


[Site "https://www.chess.com"]

[Event "Titled Tuesday Blitz February 07 Late 2023"]
[White "Bas Mas, Jose Joaquin"]
[Black "MunichMouse"]
[WhiteFideId "22219064"]
[WhiteElo "2197"]
[BlackElo "2253"]
[Result "0-1"]
[Round "02"]
[TimeControl "180+2"]
[Date "2023.02.07"]
[WhiteClock "0:00:16"]
[BlackClock "0:00:14"]

1. e4 c5 2. Nc3 a6 3. g3 e5 4. Bg2 g6 5. Nge2 Bg7 6. d3 d6 7. O-O Ne7 8. h3 Nbc6 9. a4 O-O 10. Bg5 h6 11. Be3 Nd4 12. f4 f5 13. a5 Be6 14. Qd2 Kh7 15. Na4 Nxe2+ 16. Qxe2 Nc6 17. Nb6 Rb8 18. Kh2 Qe7 19. c3 Rbe8 20. Rae1 Nxa5 21. exf5 gxf5 22. Qh5 Nc6 23. Nd5 Qf7 24. Qxf7 Rxf7 25. fxe5 Nxe5 26. Nf4 Bc8 27. Bg1 Rff8 28. Re2 c4 29. d4 Nd3 30. Rxe8 Rxe8 31. Nxd3 cxd3 32. Rd1 Re2 33. Rxd3 Rxb2 34. Re3 Bd7 35. Kh1 Bc6 36. Bxc6 bxc6 37. Re7 Rc2 38. Re6 Rxc3 39. Rxd6 a5 40. Rd7 a4 41. Kg2 a3 42. d5 c5 43. Rc7 Rc2+ 44. Kf3 a2 45. Ra7 a1=Q 46. Rxa1 Bxa1 47. Be3 Bd4 48. Bf4 Rc3+ 49. Ke2 Kg6 50. d6 Kf7 51. h4 Ke6 52. h5 Rb3 53. Kd2 Rb7 54. Kd3 Be5 55. Bxe5 Kxe5 56. Kc4 Kxd6 0-1


[Site "https://www.chess.com"]

[Event "Titled Tuesday Blitz February 07 Late 2023"]
[White "Floresvillar Gonzalez, Luis Migu"]
[Black "Yeritsyan, Hayk"]
[WhiteFideId "5100542"]
[BlackFideId "13307320"]
[WhiteElo "2043"]
[BlackElo "2241"]
[Result "0-1"]
[Round "02"]
[TimeControl "180+2"]
[Date "2023.02.07"]
[WhiteClock "0:00:01"]
[BlackClock "0:00:09"]

1. d4 d6 2. c3 e5 3. Nf3 Nc6 4. d5 Nce7 5. e4 f5 6. c4 Nf6 7. Nc3 fxe4 8. Ng5 Bf5 9. Qe2 Ng6 10. g3 Be7 11. Ngxe4 Nxe4 12. Nxe4 O-O 13. Bg2 b6 14. Bd2 a5 15. O-O Qd7 16. Rae1 Rae8 17. Ng5 Bxg5 18. Bxg5 Bh3 19. f3 Bxg2 20. Qxg2 Rf5 21. h4 h6 22. Bd2 Ref8 23. Re3 Qf7 24. Qh3 Qf6 25. Kg2 Rf4 26. Rb3 Rxc4 27. f4 Rc2 28. Rd3 e4 29. Re3 Rxd2+ 30. Kh1 Qxb2 31. Qe6+ Kh8 32. Qh3 Re2 33. Rxe2 Qxe2 34. h5 Ne7 35. Qe6 Qxf1+ 36. Kh2 Qf2+ 37. Kh3 Ng8 38. Qg6 Qf1+ 39. Kh4 Qh1+ 40. Kg4 Qf3+ 41. Kh4 Nf6 0-1


[Site "https://www.chess.com"]

[Event "Titled Tuesday Blitz February 07 Late 2023"]
[White "Papayan, Oleg"]
[Black "Ferriz Barrios, Andres"]
[WhiteFideId "4193911"]
[BlackFideId "5104467"]
[WhiteElo "2253"]
[BlackElo "2102"]
[Result "1-0"]
[Round "02"]
[TimeControl "180+2"]
[Date "2023.02.07"]
[WhiteClock "0:00:21"]
[BlackClock "0:01:37"]

1. d4 Nf6 2. Nf3 d5 3. Bf4 Nbd7 4. c3 c6 5. h3 e6 6. e3 Be7 7. Bd3 Nf8 8. Nbd2 Ng6 9. Bh2 Bd6 10. Ne5 Qc7 11. f4 b6 12. O-O Bb7 13. Qe2 O-O 14. g4 c5 15. g5 Ne4 16. Ndf3 f5 17. h4 a5 18. a4 c4 19. Bc2 Nxe5 20. fxe5 Be7 21. Bf4 Bc6 22. Ra2 b5 23. axb5 Bxb5 24. Rfa1 a4 25. Bxa4 Bc6 26. Bxc6 Qxc6 27. Qc2 Rxa2 28. Rxa2 Ra8 29. Qb1 Rb8 30. Qc2 Kf7 31. Nd2 h6 32. Nxe4 dxe4 33. Kg2 hxg5 34. hxg5 Qc7 35. Qe2 Rb6 36. Qh5+ Kg8 37. g6 1-0


[Site "https://www.chess.com"]

[Event "Titled Tuesday Blitz February 07 Late 2023"]
[White "Fiorito, Francisco"]
[Black "Ward, Ieuan C"]
[WhiteFideId "180165"]
[BlackFideId "406627"]
[WhiteElo "2305"]
[BlackElo "2028"]
[Result "1-0"]
[Round "02"]
[TimeControl "180+2"]
[Date "2023.02.07"]
[WhiteClock "0:00:40"]
[BlackClock "0:00:28"]

1. d4 e5 2. d5 Bc5 3. Nc3 a6 4. a4 d6 5. e4 Ne7 6. Nf3 O-O 7. Bd3 f5 8. exf5 Bxf5 9. Bg5 h6 10. Bh4 g5 11. Bg3 Nd7 12. Qe2 Qe8 13. h4 g4 14. Nd2 h5 15. Nde4 Bb4 16. O-O Qg6 17. Rad1 Nc5 18. Nxc5 Bxc5 19. Ne4 Bb6 20. c4 a5 21. Kh2 Bd4 22. b3 Rad8 23. Ng5 Rc8 24. Ne6 Rf7 25. Rfe1 Bc3 26. Rf1 c6 27. Ng5 Rf6 28. dxc6 Nxc6 29. Bxf5 Qxf5 30. c5 Nd4 31. Qc4+ Ne6 32. Nxe6 Qxe6 33. Qxc3 Rxc5 34. Qe3 Rf7 35. Rd2 Rfc7 36. Rfd1 Rc3 37. Qg5+ Rg7 38. Qxh5 Qxb3 39. Rxd6 Rc8 40. Rd8+ 1-0


[Site "https://www.chess.com"]

[Event "Titled Tuesday Blitz February 07 Late 2023"]
[White "Zampronha, Wladimir Camilo"]
[Black "Dragomirescu, Angela"]
[WhiteFideId "2103087"]
[BlackFideId "1209914"]
[WhiteElo "2176"]
[BlackElo "2130"]
[Result "0-1"]
[Round "02"]
[TimeControl "180+2"]
[Date "2023.02.07"]
[WhiteClock "0:01:10"]
[BlackClock "0:01:38"]

1. e4 e5 2. Nf3 Nc6 3. d4 exd4 4. Nxd4 Nf6 5. Nxc6 bxc6 6. e5 Qe7 7. Qe2 Nd5 8. c4 Nb6 9. Nc3 g6 10. Qe4 Ba6 11. b3 Bg7 12. f4 O-O 13. Bd2 d6 14. O-O-O dxe5 15. f5 Rad8 16. fxg6 hxg6 17. Qxc6 e4 18. Qxe4 Qa3+ 19. Kc2 Rfe8 20. Qg4 Bc8 0-1


[Site "https://www.chess.com"]

[Event "Titled Tuesday Blitz February 07 Late 2023"]
[White "Barash, Anton"]
[Black "Kaplan, Avi Harrison"]
[WhiteFideId "30935229"]
[BlackFideId "30934559"]
[WhiteElo "2074"]
[BlackElo "2146"]
[Result "0-1"]
[Round "02"]
[TimeControl "180+2"]
[Date "2023.02.07"]
[WhiteClock "0:00:41"]
[BlackClock "0:00:59"]

1. e4 d6 2. d4 g6 3. Nc3 Bg7 4. f4 Nd7 5. Nf3 c5 6. Be3 a6 7. a4 Qc7 8. Bd3 Ngf6 9. h3 O-O 10. O-O Rb8 11. Kh1 c4 12. Be2 b5 13. axb5 axb5 14. Qe1 b4 15. e5 bxc3 16. exf6 Nxf6 17. Qxc3 Ne4 18. Qxc4 Ng3+ 19. Kg1 Qxc4 20. Bxc4 Nxf1 21. Kxf1 Rxb2 22. c3 Be6 23. Bd3 Rc8 24. Bd2 Bd5 25. Ke1 Bxf3 26. gxf3 e5 27. fxe5 dxe5 28. d5 e4 29. fxe4 Rxd2 0-1


[Site "https://www.chess.com"]

[Event "Titled Tuesday Blitz February 07 Late 2023"]
[White "Danielyan, Vahe"]
[Black "Ardila, Oscar Humberto"]
[WhiteFideId "13304828"]
[BlackFideId "4404742"]
[WhiteElo "2346"]
[BlackElo "1982"]
[Result "1-0"]
[Round "02"]
[TimeControl "180+2"]
[Date "2023.02.07"]
[WhiteClock "0:00:09"]
[BlackClock "0:00:06"]

1. e4 g6 2. d4 Bg7 3. Nc3 d6 4. Be3 Nd7 5. Qd2 e5 6. Nge2 h6 7. O-O-O Ngf6 8. f3 h5 9. h4 O-O 10. Bh6 exd4 11. Bxg7 Kxg7 12. Nxd4 Ne5 13. Be2 Qe7 14. Qg5 Re8 15. g4 hxg4 16. f4 Nc6 17. h5 Nxe4 18. Nxe4 Qxg5 19. Nxg5 Nxd4 20. h6+ Kf6 21. Rxd4 Rh8 22. Bc4 Be6 23. Bxe6 fxe6 24. Re4 Rae8 25. h7 e5 26. Rhe1 Kf5 27. Kd2 g3 28. Nf3 Rxh7 29. fxe5 dxe5 30. Ke3 g2 31. Rg1 Rh3 32. Rxg2 c6 33. Rg5+ Kf6 34. Rg2 b5 35. c3 c5 36. a3 c4 37. Rg1 Rd8 38. Rf1 Rd3+ 39. Ke2 Kg7 40. Rxe5 g5 41. Re7+ Kg8 42. Re8+ Kf7 43. Re4 Kg6 44. Ne5+ Kh5 45. Nxd3 cxd3+ 46. Kd2 Rh2+ 47. Kxd3 Rxb2 48. Re5 Rb3 49. Rg1 Rxa3 50. Rgxg5+ Kh4 51. Rxb5 a6 52. Ra5 Rb3 53. Rh5+ Kg4 54. Rhc5 Rb6 55. Rc4+ Kf3 56. Rf5+ Kg3 57. Rd5 Kf3 58. Ra4 Rh6 59. Rda5 Rh1 60. Rxa6 Rd1+ 61. Kc4 Ke4 62. Re6+ Kf5 63. Raa6 Rd8 64. Rf6+ Ke5 65. Rae6# 1-0


[Site "https://www.chess.com"]

[Event "Titled Tuesday Blitz February 07 Late 2023"]
[White "Smith, Garrett L"]
[Black "Roux, Baptiste"]
[WhiteFideId "2024829"]
[BlackFideId "36017450"]
[WhiteElo "2047"]
[BlackElo "2300"]
[Result "0-1"]
[Round "02"]
[TimeControl "180+2"]
[Date "2023.02.07"]
[WhiteClock "0:00:15"]
[BlackClock "0:00:21"]

1. e4 e5 2. Nf3 d6 3. d4 exd4 4. Nxd4 Nf6 5. Nc3 Bd7 6. h3 Nc6 7. g4 Nxd4 8. Qxd4 Bc6 9. Bg2 Nd7 10. Bf4 Qf6 11. Qe3 Be7 12. O-O-O h6 13. h4 Nb6 14. g5 Qe6 15. Bh3 Qc4 16. gxh6 gxh6 17. Rd4 Qc5 18. Bf5 Nd7 19. b4 Qb6 20. a4 a6 21. Rg1 O-O-O 22. Kd2 Bf6 23. Rc4 Qxe3+ 24. Bxe3 Kb8 25. b5 Ne5 26. Rxc6 bxc6 27. Ke2 cxb5 28. axb5 axb5 29. Rb1 c6 30. f4 Nc4 31. Nxb5 cxb5 32. Rxb5+ Kc7 0-1


[Site "https://www.chess.com"]

[Event "Titled Tuesday Blitz February 07 Late 2023"]
[White "lisjakzlatko1"]
[Black "Przybylski, Wojciech"]
[BlackFideId "1117599"]
[WhiteElo "2213"]
[BlackElo "2321"]
[Result "0-1"]
[Round "02"]
[TimeControl "180+2"]
[Date "2023.02.07"]
[WhiteClock "0:00:01"]
[BlackClock "0:01:22"]

1. d4 d5 2. Nc3 Bf5 3. Bf4 c6 4. Qd2 Na6 5. O-O-O Nb4 6. e4 dxe4 7. a3 Nd5 8. Bg3 e6 9. f3 Be7 10. fxe4 Bg5 11. exd5 Bxd2+ 12. Rxd2 exd5 13. Nf3 Nf6 14. Ne5 Ne4 15. Nxe4 Bxe4 16. c4 f6 17. Ng4 O-O 18. Ne3 Re8 19. h4 h5 20. Bd3 Bxd3 21. Rxd3 Re4 22. cxd5 cxd5 23. Kb1 Qd7 24. Rc1 Rc8 25. Rxc8+ Qxc8 26. Rc3 Qe6 27. Bf2 Rxd4 28. Ka2 Rf4 29. Rc2 Rxf2 30. Rxf2 d4+ 31. b3 Qxe3 32. Rb2 Kh7 0-1


[Site "https://www.chess.com"]

[Event "Titled Tuesday Blitz February 07 Late 2023"]
[White "Jimenez Almeida, Luis David"]
[Black "mestrefeitosa19"]
[WhiteFideId "22242244"]
[WhiteElo "2242"]
[BlackElo "2209"]
[Result "1-0"]
[Round "02"]
[TimeControl "180+2"]
[Date "2023.02.07"]
[WhiteClock "0:00:15"]
[BlackClock "0:00:13"]

1. e4 e5 2. Nf3 Nc6 3. Bb5 Nd4 4. Bc4 Nxf3+ 5. Qxf3 Qf6 6. Qb3 Bc5 7. O-O Ne7 8. d3 O-O 9. c3 c6 10. Kh1 Ng6 11. f4 exf4 12. d4 Bb6 13. e5 Qf5 14. Qd1 d5 15. exd6 Qf6 16. Nd2 Bf5 17. d7 Rad8 18. Nb3 Qd6 19. Qf3 Qxd7 20. Bxf4 Bg4 21. Qg3 Bf5 22. Rae1 Rfe8 23. Bg5 Rxe1 24. Rxe1 Re8 25. a4 h6 26. Bd2 Rxe1+ 27. Qxe1 Bc7 28. Nc5 Qc8 29. b4 Bd6 30. Nd3 Qc7 31. h3 Bg3 32. Qe8+ Kh7 33. Bxf7 Bxd3 34. Qg8# 1-0


[Site "https://www.chess.com"]

[Event "Titled Tuesday Blitz February 07 Late 2023"]
[White "Van Meegen, Ruud"]
[Black "Iljin, Timofey"]
[WhiteFideId "1034995"]
[BlackFideId "14110180"]
[WhiteElo "2311"]
[BlackElo "2329"]
[Result "0-1"]
[Round "02"]
[TimeControl "180+2"]
[Date "2023.02.07"]
[WhiteClock "0:01:50"]
[BlackClock "0:02:53"]

1. Nf3 d5 2. g3 c5 3. Bg2 Nf6 4. O-O h6 5. c4 d4 6. e3 Nc6 7. exd4 cxd4 8. d3 g6 9. Bf4 Bg7 10. Re1 O-O 11. Nbd2 Nd7 12. Ne4 f5 13. Ned2 e5 14. Nxe5 Ndxe5 0-1


[Site "https://www.chess.com"]

[Event "Titled Tuesday Blitz February 07 Late 2023"]
[White "Baches Garcia, Guillermo"]
[Black "ritanovikova"]
[WhiteFideId "2209764"]
[WhiteElo "2327"]
[BlackElo "2226"]
[Result "1-0"]
[Round "02"]
[TimeControl "180+2"]
[Date "2023.02.07"]
[WhiteClock "0:01:49"]
[BlackClock "0:01:04"]

1. e4 e5 2. Nf3 Nc6 3. Nc3 Nf6 4. d4 exd4 5. Nxd4 d5 6. Bb5 Bd7 7. exd5 Nxd4 8. Qxd4 Bxb5 9. Nxb5 a6 10. Qe5+ Be7 11. Nxc7+ Kd7 12. Nxa8 Qxa8 13. Qf5+ Kd8 14. Be3 Qb8 15. Bb6+ Ke8 16. O-O-O Nd7 17. d6 Nxb6 18. dxe7 1-0


[Site "https://www.chess.com"]

[Event "Titled Tuesday Blitz February 07 Late 2023"]
[White "Marin Ramirez, Gerardo"]
[Black "Matko, Ognjen"]
[WhiteFideId "3901068"]
[BlackFideId "14509717"]
[WhiteElo "2127"]
[BlackElo "2295"]
[Result "0-1"]
[Round "02"]
[TimeControl "180+2"]
[Date "2023.02.07"]
[WhiteClock "0:00:02"]
[BlackClock "0:00:12"]

1. d4 d5 2. Nf3 Nf6 3. c4 c6 4. Nc3 a6 5. cxd5 cxd5 6. Bg5 Nc6 7. e3 Bf5 8. Bxf6 gxf6 9. Qb3 e6 10. Be2 Bd6 11. Rc1 Na5 12. Qd1 b5 13. O-O Nc4 14. b3 Nb6 15. Bd3 Bg6 16. a4 b4 17. Ne2 Bxd3 18. Qxd3 f5 19. Rc6 O-O 20. Rfc1 Bb8 21. a5 Nd7 22. Rxa6 Rxa6 23. Qxa6 Nf6 24. Qb5 Ne4 25. Qxb4 Bd6 26. Qb5 Qa8 27. a6 Rb8 28. Qa4 Rb4 29. Qa2 Rb8 30. g3 h5 31. Qa4 Kg7 32. Nc3 Rc8 33. Ne2 Rb8 34. Qc6 Qa7 35. Nc3 Rb6 36. Qc8 Qxa6 37. Nxe4 fxe4 38. Ne5 Qxc8 0-1


[Site "https://www.chess.com"]

[Event "Titled Tuesday Blitz February 07 Late 2023"]
[White "Liu, Leonardo"]
[Black "Urbina Perez, Juan Antonio"]
[WhiteFideId "30965780"]
[BlackFideId "2217368"]
[WhiteElo "1919"]
[BlackElo "2266"]
[Result "0-1"]
[Round "02"]
[TimeControl "180+2"]
[Date "2023.02.07"]
[WhiteClock "0:00:04"]
[BlackClock "0:00:19"]

1. e4 e5 2. Nf3 Nf6 3. Nxe5 d6 4. Nf3 Nxe4 5. Nc3 Nxc3 6. dxc3 Be7 7. Bc4 O-O 8. Be3 Nc6 9. Qd2 Ne5 10. Bb3 Bg4 11. Nd4 c5 12. h3 Bh5 13. Nf5 c4 14. Ba4 a6 15. Bb6 Qxb6 16. Nxe7+ Kh8 17. O-O Qd8 18. Nf5 b5 19. f4 Nc6 20. Qd5 Qb6+ 21. Kh2 Qc5 22. Qxc5 dxc5 23. Nd6 f6 24. Nxb5 axb5 25. Bxb5 Na5 26. Rae1 Rab8 27. a4 Be8 28. Bxe8 Rfxe8 29. Rb1 Re2 30. Rfd1 Rxc2 31. Rd5 Nb3 32. Rd7 h6 33. Re1 Rxb2 34. Ree7 Rg8 35. Ra7 Ra2 36. a5 Rxa5 37. Rad7 Ra2 38. Kg3 Nd2 39. Re2 Nf1+ 40. Kf2 Rxe2+ 41. Kxe2 Ng3+ 42. Kf3 Nf5 43. Rd5 Nh4+ 44. Kg4 Ng6 45. Rxc5 Kh7 46. Rxc4 Re8 47. g3 Re3 48. Rc7 h5+ 49. Kf5 Rxg3 50. c4 Rf3 51. Ke4 Rxf4+ 52. Ke3 Rf5 53. c5 Re5+ 54. Kf3 Ne7 55. Kf4 Nd5+ 56. Kf3 Nxc7 0-1


[Site "https://www.chess.com"]

[Event "Titled Tuesday Blitz February 07 Late 2023"]
[White "Torres Dominguez, David"]
[Black "Prydun, Andriy"]
[WhiteFideId "2220857"]
[BlackFideId "14145898"]
[WhiteElo "1994"]
[BlackElo "2134"]
[Result "0-1"]
[Round "02"]
[TimeControl "180+2"]
[Date "2023.02.07"]
[WhiteClock "0:00:04"]
[BlackClock "0:00:01"]

1. e4 d5 2. d3 Nf6 3. e5 Ng8 4. f4 c5 5. Nf3 Nc6 6. Be2 Nh6 7. O-O Nf5 8. c3 h5 9. Na3 a6 10. Nc2 e6 11. a3 Be7 12. d4 b6 13. b4 cxd4 14. Ncxd4 Ncxd4 15. Nxd4 g6 16. Nxf5 gxf5 17. Bxh5 Bb7 18. Be3 Rc8 19. Bd4 Bc5 20. bxc5 Qh4 21. Bf3 bxc5 22. Be3 d4 23. Bxb7 dxe3 24. h3 Rd8 25. Qe2 Rg8 26. Qxe3 Rg3 27. Bc6+ Kf8 28. Qxc5+ Kg7 29. Qf2 Qxh3 30. Rad1 Rh8 0-1


[Site "https://www.chess.com"]

[Event "Titled Tuesday Blitz February 07 Late 2023"]
[White "Mareco, Sandro"]
[Black "Tarnowska, Aleksandra"]
[WhiteFideId "112275"]
[BlackFideId "1180967"]
[WhiteElo "2633"]
[BlackElo "1835"]
[Result "1-0"]
[Round "02"]
[TimeControl "180+2"]
[Date "2023.02.07"]
[WhiteClock "0:00:05"]
[BlackClock "0:00:02"]

1. d4 d5 2. Nc3 Nf6 3. Bf4 e6 4. Nb5 Bd6 5. Nxd6+ cxd6 6. e3 O-O 7. c3 Nc6 8. Nf3 Re8 9. h3 e5 10. Bh2 Bf5 11. Be2 Qb6 12. Qb3 Qxb3 13. axb3 Bc2 14. b4 a6 15. O-O h6 16. Rfc1 Bh7 17. Kf1 g5 18. b5 axb5 19. Bxb5 Nd7 20. Rd1 Be4 21. Nd2 Bc2 22. Rdc1 Bg6 23. Nf3 f6 24. g4 Nb6 25. b3 Rxa1 26. Rxa1 Ra8 27. Rxa8+ Nxa8 28. c4 dxc4 29. bxc4 Bd3+ 30. Ke1 Nb4 31. Kd2 Be4 32. Ne1 Nb6 33. f3 Bg6 34. dxe5 fxe5 35. f4 gxf4 36. exf4 e4 37. f5 Bf7 38. Bxd6 Bxc4 39. Bxb4 Bxb5 40. Nc2 Nc4+ 41. Kc3 Ba6 42. Be7 Kf7 43. Bh4 Nd6 44. Kd4 Bd3 45. Ne3 b5 46. Bg3 Nc4 47. Nd5 Nb2 48. h4 Nd1 49. Bf4 Nf2 50. g5 hxg5 51. hxg5 Ng4 52. g6+ Kg7 53. Be5+ Nxe5 54. Kxe5 Bc4 55. Kxe4 Bb3 56. Kd4 Bc2 57. Ke5 Bd3 58. Nb4 Bc4 59. Nc6 Bd3 60. Ne7 b4 61. f6+ Kf8 62. g7+ Ke8 63. g8=Q+ Kd7 64. Qc8# 1-0


[Site "https://www.chess.com"]

[Event "Titled Tuesday Blitz February 07 Late 2023"]
[White "Mazurkiewicz, Michal"]
[Black "Sailer, Mike"]
[WhiteFideId "1124943"]
[BlackFideId "2012901"]
[WhiteElo "2145"]
[BlackElo "2109"]
[Result "1-0"]
[Round "02"]
[TimeControl "180+2"]
[Date "2023.02.07"]
[WhiteClock "0:01:56"]
[BlackClock "0:00:21"]

1. e4 g6 2. g3 Bg7 3. Bg2 c6 4. Nf3 d5 5. exd5 cxd5 6. O-O Nc6 7. d4 Nf6 8. c3 Bg4 9. Qb3 Qc8 10. Bf4 O-O 11. Ne5 Bf5 12. Nd2 e6 13. Rac1 Nxe5 14. Bxe5 Bd3 15. Rfe1 a5 16. c4 dxc4 17. Nxc4 Bxc4 18. Rxc4 Qd8 19. Qxb7 Nd5 20. Bxg7 Kxg7 21. Bxd5 Qxd5 22. Qxd5 exd5 23. Rc5 Rfd8 24. Re7 Rab8 25. b3 Rb4 26. Rxa5 Rxd4 27. Raa7 Rf8 28. a4 Rb4 29. Rab7 Rxb7 30. Rxb7 d4 31. Kf1 Re8 32. Rb4 Rd8 33. Ke2 Kf6 34. Kd3 Ke5 35. f4+ Kf5 36. Rxd4 Rb8 37. b4 Kg4 38. a5 Kh3 39. a6 Kxh2 40. a7 Ra8 41. Rd7 Kxg3 42. b5 h5 43. b6 h4 44. f5 h3 45. b7 Rxa7 46. b8=Q+ 1-0


[Site "https://www.chess.com"]

[Event "Titled Tuesday Blitz February 07 Late 2023"]
[White "Flynn, Jacob"]
[Black "Michalski, Olaf"]
[WhiteFideId "2509393"]
[BlackFideId "1106740"]
[WhiteElo "2102"]
[BlackElo "2273"]
[Result "1-0"]
[Round "02"]
[TimeControl "180+2"]
[Date "2023.02.07"]
[WhiteClock "0:02:25"]
[BlackClock "0:01:08"]

1. Nf3 d6 2. e4 Nf6 3. Nc3 Bg4 4. d4 e6 5. Be3 c6 6. h3 Bh5 7. g4 Bg6 8. Bd3 d5 9. exd5 exd5 10. Ne5 Bd6 11. f4 Be4 12. Bxe4 Nxe4 13. Nxe4 dxe4 14. Qe2 Qa5+ 15. Bd2 Qb6 16. Nc4 Qxd4 17. Bc3 1-0


[Site "https://www.chess.com"]

[Event "Titled Tuesday Blitz February 07 Late 2023"]
[White "Dudzinski, Pawel"]
[Black "Harish, Neeraj"]
[WhiteFideId "1117890"]
[BlackFideId "30958130"]
[WhiteElo "2186"]
[BlackElo "2232"]
[Result "1/2-1/2"]
[Round "02"]
[TimeControl "180+2"]
[Date "2023.02.07"]
[WhiteClock "0:01:05"]
[BlackClock "0:00:22"]

1. e4 c5 2. Nc3 Nc6 3. g3 g6 4. Bg2 Bg7 5. d3 d6 6. Be3 Nf6 7. h3 O-O 8. Nge2 Rb8 9. d4 cxd4 10. Nxd4 Bd7 11. Nxc6 Bxc6 12. Bxa7 Ra8 13. Bd4 Qc7 14. O-O b5 15. Nd5 Nxd5 16. exd5 Bxd4 17. Qxd4 Bd7 18. c3 Qc4 19. Qxc4 bxc4 20. Rfe1 Rfe8 21. Bf1 Rab8 22. Re2 e6 23. dxe6 fxe6 24. Rd2 d5 25. Bxc4 dxc4 26. Rxd7 Rxb2 27. Rc7 Rf8 28. f4 Rd8 29. Rxc4 Rdd2 30. Re1 Rg2+ 31. Kh1 Rh2+ 32. Kg1 Rhg2+ 33. Kh1 Rh2+ 34. Kg1 Rhg2+ 1/2-1/2


[Site "https://www.chess.com"]

[Event "Titled Tuesday Blitz February 07 Late 2023"]
[White "Volkmann, Andre Jordi"]
[Black "Rodriguez Fontecha, Marcos"]
[WhiteFideId "2154463"]
[BlackFideId "2256576"]
[WhiteElo "2158"]
[BlackElo "2309"]
[Result "0-1"]
[Round "02"]
[TimeControl "180+2"]
[Date "2023.02.07"]
[WhiteClock "0:00:04"]
[BlackClock "0:00:09"]

1. d4 d5 2. c4 Nc6 3. cxd5 Qxd5 4. Nf3 e5 5. Nc3 Bb4 6. e3 exd4 7. exd4 Bg4 8. Be3 Bxf3 9. gxf3 O-O-O 10. Bh3+ Kb8 11. O-O Qh5 12. Bg2 Nge7 13. Qb3 Nf5 14. d5 Bd6 15. f4 Ncd4 16. Qa4 Qg6 17. Kh1 Bc5 18. Be4 Qb6 19. Rab1 Rhe8 20. b4 Nxe3 21. fxe3 Ne2 22. bxc5 Nxc3 23. Qxe8 Rxe8 24. cxb6 Rxe4 25. bxc7+ Kc8 26. Rfc1 Nxd5 27. Rb5 Nxe3 28. Rb3 Nd5 29. Rd3 Nxc7 30. Rdc3 Re7 31. Kg2 b5 32. Kf3 b4 33. Rc4 a5 34. Rc5 Kb7 35. Rxa5 Kb6 36. Ra4 Nd5 37. Rd1 Kc6 38. Ra6+ Kb5 39. Ra8 Nc3 40. Rdd8 Re1 41. Rab8+ Kc4 42. Rdc8+ Kd3 43. Rc7 Rf1+ 44. Kg2 Rxf4 45. Rd8+ Kc2 46. Rdc8 Kb2 47. a4 Nxa4 48. Rc2+ Kb3 49. Rc1 Nc3 50. Rd8 Kb2 51. Re1 Re4 52. Rd2+ Kb3 53. Rc1 Kc4 54. Rb2 b3 55. Kf3 Rd4 56. Rg1 Rd3+ 57. Kf4 g6 58. Kg5 Nd5 59. Kh6 f6 60. Kxh7 Rh3+ 61. Kxg6 f5 62. Rc1+ Kd4 63. Kxf5 Ne3+ 64. Kf4 Nc4 65. Rd1+ Kc5 66. Kg4 Rc3 67. Rf1 Nxb2 68. Rf5+ Kb4 69. Rf4+ Nc4 70. Re4 b2 71. h4 Rc1 72. h5 b1=Q 73. h6 Qxe4+ 0-1


[Site "https://www.chess.com"]

[Event "Titled Tuesday Blitz February 07 Late 2023"]
[White "Huber, Benedikt"]
[Black "Winkels, Marcel"]
[WhiteFideId "12923583"]
[BlackFideId "1003887"]
[WhiteElo "2272"]
[BlackElo "1960"]
[Result "1-0"]
[Round "02"]
[TimeControl "180+2"]
[Date "2023.02.07"]
[WhiteClock "0:00:14"]
[BlackClock "0:00:01"]

1. d4 Nf6 2. Nc3 d5 3. Bf4 a6 4. e3 g6 5. Nf3 Bg7 6. Ne5 O-O 7. h4 h5 8. Be2 Nbd7 9. g4 Nxe5 10. dxe5 Nxg4 11. Qxd5 e6 12. Qe4 Bd7 13. Rg1 Bc6 14. Qc4 Nxe5 15. Bxe5 Bxe5 16. Bxh5 Bg7 17. Be2 Qd7 18. h5 Bb5 19. Nxb5 Qxb5 20. Qxb5 axb5 21. hxg6 c6 22. c3 Rad8 23. Rd1 Rd5 24. Bf3 Rxd1+ 25. Kxd1 Rd8+ 26. Kc2 fxg6 27. Rxg6 Kf7 28. Bh5 Rd5 29. Rg5+ Kf8 30. Rxd5 exd5 31. Bg4 Ke7 32. Bc8 b6 33. Kd3 Kd6 34. Bg4 b4 35. cxb4 Bxb2 36. Kc2 Bf6 37. a4 Bd8 38. Kb3 c5 39. Be2 c4+ 40. Kc3 Ke5 41. Bf3 Bf6 42. Bg2 Kd6+ 43. Kc2 Kc6 44. f4 Kd6 45. a5 bxa5 46. bxa5 Bd8 47. a6 Bb6 48. Kd2 Ba7 49. Bf3 Ke6 50. Bg4+ Kd6 51. Bf5 d4 52. e4 d3 53. Bh7 Bc5 54. e5+ Kc6 55. f5 Bb4+ 56. Kd1 c3 57. f6 c2+ 58. Kc1 Ba3+ 59. Kd2 c1=Q+ 60. Kxd3 Qd1+ 61. Ke3 Qe1+ 62. Kf4 Qf2+ 63. Kg5 Qg3+ 64. Kh6 Qxe5 65. f7 Qf6+ 66. Bg6 1-0


[Site "https://www.chess.com"]